 Dungeon Crawl Stone Soup version 0.31-a0-702-gf82c85558f (webtiles) character file.

Game seed: 4355626628873357474

147 qw the Shooter (level 5, 0/32 HPs)
             Began as a Gargoyle Hunter on Sept 7, 2023.
             Slain by Duvessa
             ... wielding a +0 rapier
              (6 damage)
             ... on level 4 of the Dungeon.
             The game lasted 00:01:07 (2734 turns).

qw the Shooter (Gargoyle Hunter)                    Turns: 2734, Time: 00:01:08

Health: 0/32       AC: 11    Str: 14    XL:     5   Next: 29%
Magic:  5/5        EV: 10    Int: 10    God:
Gold:   80         SH:  0    Dex: 15    Spells: 4/4 levels left

rFire   . . .        Y - +0 shortbow
rCold   . . .        (shield currently unavailable)
rNeg    + . .        i - +0 ring mail
rPois   inf          b - +0 helmet
rElec   +            (no cloak)
rCorr   .            (no gloves)
SInv    .            n - +0 pair of boots
Will    .....        (no amulet)
Stlth   +            (no ring)
HPRegen 0.25/turn    (no ring)
MPRegen 0.09/turn

%: no passive effects
@: about to teleport
A: sickness immunity, AC +4, negative energy resistance 1, electricity
resistance, torment resistance 1, petrification resistance
a: no special abilities


You were on level 4 of the Dungeon.
You visited 1 branch of the dungeon, and saw 4 of its levels.

You collected 192 gold pieces.
You spent 112 gold pieces at shops.


Innate Abilities, Weirdness & Mutations

You are immune to sickness and miasma.
Your stone body is resilient. (AC +4)
You are immune to poison.
You resist negative energy. (rN+)
You are resistant to electric shocks. (rElec)
You are resistant to unholy torment.
You are immune to petrification.


   Skills:
 + Level 3.0 Fighting
 - Level 6.0 Ranged Weapons
 - Level 1.0 Armour
 - Level 1.5 Dodging
 - Level 1.1 Stealth


You had 4 spell levels left.
You didn't know any spells.
Your spell library was empty.

Inventory:

Hand Weapons
 Y - a +0 shortbow (weapon)
Armour
 b - a +0 helmet (worn)
 i - a +0 ring mail (worn)
 n - a +0 pair of boots (worn)
Jewellery
 g - a ring of fire
 h - a ring of ice
Scrolls
 a - 2 scrolls of identify
 c - a scroll of enchant armour {unknown}
 e - 2 scrolls of teleportation
Potions
 d - a potion of might
 f - a potion of curing
 j - a potion of enlightenment
 k - a potion of ambrosia {unknown}
 o - a potion of magic {unknown}

Dungeon Overview and Level Annotations

Branches:
Dungeon (4/15)
 Temple: D:4-7

Altars:
Elyvilon
Makhleb
Trog

Shops:
D:3 [

Annotations:
D:4 Duvessa


Message History

There is a stone staircase leading down here.
Found a stone staircase leading up.
Enter note:
There is a stone staircase leading up here.
Duvessa, Sister of Dowan comes into view.
She is wielding a +0 rapier.
You shoot an arrow. The arrow barely misses Duvessa.
You shoot an arrow.
The arrow hits Duvessa but does no damage.
You shoot an arrow. The arrow hits Duvessa.
Duvessa is lightly wounded.
You shoot an arrow. The arrow closely misses Duvessa.
Duvessa hits you with a +0 rapier.
You shoot an arrow. The arrow hits Duvessa!
Duvessa is moderately wounded.
Duvessa hits you with a +0 rapier.
You shoot an arrow. The arrow hits Duvessa.
Duvessa is moderately wounded.
Duvessa says, "When magic and the sword combine, nothing stands against them."
Duvessa hits you but does no damage.
You shoot an arrow. The arrow hits Duvessa.
Duvessa is moderately wounded.
Duvessa hits you with a +0 rapier! x2
You shoot an arrow. The arrow barely misses Duvessa.
Duvessa hits you but does no damage.
You shoot an arrow. The arrow barely misses Duvessa.
Duvessa barely misses you.
You shoot an arrow. The arrow hits Duvessa!
Duvessa is heavily wounded.
Duvessa completely misses you.
You shoot an arrow. The arrow hits Duvessa.
Duvessa is heavily wounded.
Duvessa hits you but does no damage. Duvessa hits you with a +0 rapier!
2733 ||| READING 3 scrolls of teleportation.
As you read the scroll of teleportation, it crumbles to dust.
You feel strangely unstable. Duvessa hits you but does no damage.
You shoot an arrow. The arrow hits Duvessa.
Duvessa is severely wounded.
Duvessa hits you with a +0 rapier.
You die...

##################
................@#
.###############e#
.# #.# ## #.# #.#
#.# ..# ###


You could see Duvessa.

Vanquished Creatures
  An iguana (D:4)
  Robin (D:2)
  An adder (D:4)
  3 worms (D:3)
  3 dart slugs
  An orc (D:3)
  10 endoplasms
  2 giant cockroaches (D:3)
  16 goblins
  11 hobgoblins
  2 quokkas
  7 ball pythons
  4 bats
  4 frilled lizards
  7 kobolds
  4 rats
77 creatures vanquished.

Notes
Turn   | Place    | Note
-------+----------+-------------------------------------------
     0 | D:1      | qw the Gargoyle Hunter began the quest for the Orb.
     0 | D:1      | Reached XP level 1. HP: 12/12 MP: 1/1
     0 | D:1      | 0 ||| qw: Version: 0.3-a-76-g4403597
     0 | D:1      | 0 ||| qw: Game counter: 894
     0 | D:1      | 0 ||| qw: Melee chars always use a shield: true
     0 | D:1      | 0 ||| qw: God list: Okawaru
     0 | D:1      | 0 ||| qw: Allow faded altars: false
     0 | D:1      | 0 ||| qw: Do Orc after clearing Dungeon:15 true
     0 | D:1      | 0 ||| qw: Do second Lair branch before Depths: true
     0 | D:1      | 0 ||| qw: Lair rune preference: random
     0 | D:1      | 0 ||| qw: Goals: Normal
     0 | D:1      | 0 ||| PLANNING D:1-11
   134 | D:1      | Reached XP level 2. HP: 17/17 MP: 2/2
   583 | D:1      | Reached XP level 3. HP: 21/21 MP: 3/3
   654 | D:1      | Reached skill level 5 in Ranged Weapons
   785 | D:1      | Found a white marble altar of Elyvilon.
   788 | D:1      | 788 ||| READING 3 scrolls labelled ZEASOCI CEIK.
   789 | D:1      | 789 ||| READING 2 scrolls labelled MEFIEXT UHENGO.
   794 | D:1      | 794 ||| READING scroll labelled JEATRYTA LEYNN.
   795 | D:1      | 795 ||| READING scroll labelled GEFROE QECKUDGH.
   796 | D:1      | 796 ||| READING 2 scrolls of identify.
   796 | D:1      | 796 ||| IDENTIFYING murky blue potion
   797 | D:1      | 797 ||| DROPPING scroll of butterflies.
   798 | D:1      | 798 ||| DROPPING potion of degeneration.
   942 | D:2      | 942 ||| FLEEEEING.
   943 | D:2      | 943 ||| FLEEEEING.
   944 | D:2      | 944 ||| FLEEEEING.
   952 | D:2      | 952 ||| FLEEEEING.
   953 | D:2      | 953 ||| FLEEEEING.
   972 | D:2      | Noticed Robin
   982 | D:2      | HP: 2/22 [goblin/+0 dagger[Robin] (5)]
   983 | D:2      | 983 ||| READING 2 scrolls of teleportation.
   985 | D:2      | Killed Robin
  1084 | D:2      | Reached skill level 3 in Fighting
  1104 | D:2      | Reached XP level 4. HP: 20/28 MP: 4/4
  1119 | D:2      | 1119 ||| FLEEEEING.
  1120 | D:2      | 1120 ||| FLEEEEING.
  1121 | D:2      | 1121 ||| FLEEEEING.
  1122 | D:2      | 1122 ||| FLEEEEING.
  1125 | D:2      | 1125 ||| STAIRDANCE
  1134 | D:1      | 1134 ||| READING scroll labelled UTOUGR LOUSTRYR.
  1621 | D:2      | 1621 ||| UPGRADING to +0 helmet.
  1626 | D:2      | 1626 ||| DRINKING 2 white potions.
  1627 | D:2      | 1627 ||| READING 3 scrolls of identify.
  1627 | D:2      | 1627 ||| IDENTIFYING sapphire potion
  1628 | D:2      | 1628 ||| READING 2 scrolls of identify.
  1628 | D:2      | 1628 ||| IDENTIFYING puce potion
  1629 | D:2      | 1629 ||| DROPPING potion of invisibility.
  1685 | D:3      | 1685 ||| STAIRDANCE
  1806 | D:3      | Found a faded altar of an unknown god.
  1926 | D:3      | Found Zellaz's Antique Armour Emporium.
  1932 | D:3      | 1932 ||| BUYING pair of boots (112 gold).
  1932 | D:3      | Bought a pair of boots for 112 gold pieces
  1932 | D:3      | 1932 ||| SHOPLISTING pair of gloves (112 gold, have 48).
  1932 | D:3      | 1932 ||| SHOPLISTING transparent leather armour (175 gold,
                  | have 48).
  2035 | D:3      | Found a bloodstained altar of Trog.
  2035 | D:3      | Found a burning altar of Makhleb.
  2373 | D:3      | 2373 ||| UPGRADING to +0 ring mail.
  2383 | D:3      | 2383 ||| DROPPING +0 leather armour.
  2384 | D:3      | 2384 ||| UPGRADING to +0 pair of boots.
  2389 | D:3      | 2389 ||| READING 3 scrolls labelled POCLIARRIE.
  2390 | D:3      | 2390 ||| READING scroll labelled QOISKE XAIRU.
  2391 | D:3      | 2391 ||| READING 2 scrolls of identify.
  2391 | D:3      | 2391 ||| IDENTIFYING fuming black potion
  2392 | D:3      | 2392 ||| DROPPING 2 scrolls of fog.
  2427 | D:4      | HP: 7/28 [iguana (8)]
  2428 | D:4      | 2428 ||| READING 4 scrolls of teleportation.
  2535 | D:4      | Reached skill level 1 in Armour
  2569 | D:4      | Reached XP level 5. HP: 32/32 MP: 5/5
  2588 | D:4      | Reached skill level 6 in Ranged Weapons
  2721 | D:4      | Noticed Duvessa
  2732 | D:4      | HP: 5/32 [Duvessa/+0 rapier (7)]
  2733 | D:4      | 2733 ||| READING 3 scrolls of teleportation.
  2734 | D:4      | Slain by Duvessa

Levels and vault maps discovered:
D:1:      dpeg_arrival_lava_altar, layout_basic, minmay_unequal
D:2:      layout_loops_ring, nicolae_figureground_pulse, uniq_robin
D:3:      layout_loops_ring, gammafunk_temple_overflow_elements,
          dreamdust_ecumenical_altar_grove, serial_shops, shop
D:4:      layout_loops_ring, uniq_pikel, uniq_duvessa

Skill      XL: |  1  2  3  4  5 |
---------------+----------------+-----
Ranged Weapons | 5 6 |  6.0
Fighting       | 3 |  3.0
Armour         | 1 |  1.0
Dodging        | |  1.5
Stealth        | |  1.1

Action                     |  1- 3 |  4- 6 || total
---------------------------+-------+-------++-------
   Fire: Shortbow          |   119 |   133 ||   252
    Use: Scroll            |     6 |     8 ||    14
         Potion            |       |     1 ||     1
 Armour: Leather armour    |    48 |     7 ||    55
         Ring mail         |       |    30 ||    30
  Dodge: Dodged            |    23 |    21 ||    44

Table legend:
 A = Non-vault XP
 B = Vault XP
 C = Vault XP percentage of total XP
 D = Non-vault monster count
 E = Vault monster count
 F = Vault count percentage of total count
                 A         B        C        D         E       F
            +---------+---------+-------+---------+---------+-------
      Total |     165 |      45 |  21.4 |      62 |      15 |  19.5
            +---------+---------+-------+---------+---------+-------
        D:1 |      34 |       5 |  12.8 |      22 |       2 |   8.3
        D:2 |      27 |      40 |  59.7 |      16 |      13 |  44.8
        D:3 |      39 |       0 |   0.0 |      14 |       0 |   0.0
        D:4 |      65 |       0 |   0.0 |      10 |       0 |   0.0
            +---------+---------+-------+---------+---------+-------
